 Dungeon Crawl Stone Soup version 0.29-a0-410-g9596d59a08 (webtiles) character file.

Game seed: 2472663007087788754

1826 KhasaRR the Cleaver (level 9, -1/78 HPs)
             Began as a Hill Orc Fighter on May 14, 2022.
             Was a Follower of Beogh.
             Slain by a wyvern (11 damage)
             ... on level 6 of the Dungeon.
             The game lasted 00:17:03 (4540 turns).

KhasaRR the Cleaver (Hill Orc Fighter)              Turns: 4540, Time: 00:17:04

Health: -1/78      AC: 16    Str: 23    XL:     9   Next: 11%
Magic:  12/12      EV:  9    Int:  8    God:    Beogh [*.....]
Gold:   279        SH: 10    Dex: 10    Spells: 8/8 levels left

rFire   + + .      SeeInvis .   u - +1 war axe (vorpal)
rCold   x . .      Faith    .   c - +0 buckler
rNeg    + . .      Spirit   .   r - +0 fire dragon scales
rPois   .          Reflect  +   w - +1 helmet
rElec   .          Harm     .   (no cloak)
rCorr   .          Rampage  .   (no gloves)
Will    .....                   (no boots)
Stlth   ..........              f - amulet of reflection
HPRegen 0.23/turn               D - ring of positive energy
MPRegen 0.13/turn               E - +4 ring of protection

@: no status effects
A: no striking features
a: Renounce Religion


You were on level 6 of the Dungeon.
You worshipped Beogh.
Beogh was aware of your devotion.
You visited 1 branch of the dungeon, and saw 6 of its levels.

You collected 279 gold pieces.

Inventory:

Hand Weapons
 a - a +0 war axe
 u - a +1 vorpal war axe (weapon)
Missiles
 n - 185 stones (quivered)
Armour
 b - a +0 scale mail
 c - a +0 buckler (worn)
 r - +0 fire dragon scales (worn)
 w - a +1 helmet (worn)
Jewellery
 f - an amulet of reflection (around neck)
 g - a ring of willpower
 p - a ring of ice
 D - a ring of positive energy (left hand)
 E - a +4 ring of protection (right hand)
Scrolls
 h - a scroll of amnesia {unknown}
 i - a scroll of fear
 o - a scroll of silence
 q - a scroll of poison {unknown}
 t - a scroll of fog {unknown}
 v - a scroll of teleportation
 x - a scroll of magic mapping {unknown}
 F - a scroll of immolation {unknown}
Potions
 d - a potion of attraction {unknown}
 k - a potion of brilliance {unknown}
 l - 3 potions of cancellation
 m - a potion of flight {unknown}
 z - a potion of heal wounds {unknown}
 A - a potion of invisibility {unknown}
 B - a potion of mutation {unknown}


   Skills:
 * Level 6.6 Fighting
 + Level 9.0 Axes
 * Level 6.8 Armour
 * Level 6.2 Shields
 * Level 4.5 Invocations


You had 8 spell levels left.
You didn't know any spells.
Your spell library was empty.

Dungeon Overview and Level Annotations

Branches:
Dungeon (6/15)             Temple (0/1) D:5

Altars:
Hepliaklqana

Shops:
D:2 =

Annotations:
D:6 haldagan's ghost, novice PaFi


Message History

You open the door.
You feel sick.
You are no longer poisoned.
Haldagan's ghost hits you.
You are poisoned.
You feel sick.
There is an open door here.
A wyvern comes into view.
You feel sick.
The wyvern hisses angrily.
Haldagan's ghost wails.
Haldagan's ghost attacks as you move away!
Haldagan's ghost hits you but does no damage.
You feel sick.
Haldagan's ghost attacks as you move away!
Haldagan's ghost hits you.
* * * LOW HITPOINT WARNING * * *
You are more poisoned.
You feel very sick.
Blink to where?
Press: ? - help, Q - select action, (/) - cycle Dir - move target
As you read the scroll of blinking, it crumbles to dust.
You feel sick.
You feel better.
You open the door. The wyvern barely misses you.
There is an open door here.
The wyvern misses you.
The wyvern bites you but does no damage.
The wyvern attacks as you move away! The wyvern bites you!
* * * LOW HITPOINT WARNING * * *
The wyvern barely misses you. x2
The wyvern bites you but does no damage.
The wyvern attacks as you move away! You block the wyvern's attack.
The wyvern attacks as you move away! The wyvern bites you.
* * * LOW HITPOINT WARNING * * *
You block the wyvern's attack. The wyvern attacks as you move away!
The wyvern bites you but does no damage.
The wyvern bites you.
* * * LOW HITPOINT WARNING * * *
The wyvern attacks as you move away! The wyvern bites you!
You die...

#.........#
##.......##
##.....## ##.S.##
##W## #.# # #.#####
#.#########.....###
#..@l...WS.........
#########.....#.##.
##...## # ##.## #.#
#.# #.# #..


You could see a wyvern, haldagan's ghost and an adder.

Vanquished Creatures
  A two-headed ogre (D:5)
  Prince Ribbit (D:5)
  Sigmund (D:5)
  Edmund (D:4)
  A black bear (D:5)
  An ice beast (D:5)
  A bullfrog (D:6)
  A necrophage (D:5)
  3 scorpions
  A jelly (D:6)
  A hound (D:4)
  2 iguanas
  An orc wizard (D:3)
  A gnoll (D:1)
  3 adders
  A shadow imp (D:6)
  A white imp (D:6)
  2 ufetubi
  A worm (D:3)
  7 orcs (D:3)
  9 endoplasms
  5 giant cockroaches
  7 goblins
  4 hobgoblins
  13 jackals
  4 quokkas
  8 ball pythons
  4 bats
  3 frilled lizards
  8 kobolds
  3 rats
100 creatures vanquished.

Notes
Turn   | Place    | Note
-------+----------+-------------------------------------------
     0 | D:1      | KhasaRR the Hill Orc Fighter began the quest for the Orb.
     0 | D:1      | Reached XP level 1. HP: 19/19 MP: 1/1
   103 | D:1      | Reached XP level 2. HP: 20/27 MP: 2/2
   180 | D:1      | Found a faded altar of an unknown god.
   362 | D:1      | Reached skill level 3 in Axes
   645 | D:1      | Reached XP level 3. HP: 33/33 MP: 3/3
  1509 | D:2      | Found Dumnuh's Jewellery Emporium.
  1662 | D:2      | Reached XP level 4. HP: 39/40 MP: 4/4
  1930 | D:3      | Reached skill level 4 in Axes
  2266 | D:3      | Became a worshipper of Beogh the Brigand
  2288 | D:3      | Reached XP level 5. HP: 41/46 MP: 5/5
  2532 | D:4      | Reached skill level 5 in Axes
  2536 | D:4      | Found a hazy altar of Hepliaklqana.
  2565 | D:4      | Reached skill level 6 in Axes
  2565 | D:4      | Reached XP level 6. HP: 53/53 MP: 6/6
  2781 | D:4      | Noticed Edmund
  2790 | D:4      | Killed Edmund
  2791 | D:4      | Reached skill level 1 in Invocations
  3226 | D:5      | Entered Level 5 of the Dungeon
  3257 | D:5      | Noticed Prince Ribbit
  3265 | D:5      | Killed Prince Ribbit
  3266 | D:5      | Reached skill level 7 in Axes
  3266 | D:5      | Reached skill level 5 in Shields
  3266 | D:5      | Reached XP level 7. HP: 60/60 MP: 6/8
  3369 | D:5      | Reached skill level 5 in Fighting
  3570 | D:5      | Reached skill level 5 in Armour
  3619 | D:5      | Noticed Sigmund
  3627 | D:5      | Killed Sigmund
  3628 | D:5      | Reached XP level 8. HP: 69/69 MP: 8/10
  3775 | D:5      | Found a staircase to the Ecumenical Temple.
  4193 | D:5      | Noticed a two-headed ogre
  4205 | D:5      | Killed a two-headed ogre
  4206 | D:5      | Reached skill level 8 in Axes
  4206 | D:5      | Reached XP level 9. HP: 67/78 MP: 10/12
  4463 | D:6      | Reached * piety under Beogh
  4488 | D:6      | Found a runed translucent door.
  4488 | D:6      | Noticed haldagan's ghost (novice PaFi)
  4497 | D:6      | Reached skill level 9 in Axes
  4540 | D:6      | Slain by a wyvern

Illustrated notes

Levels and vault maps discovered:
D:1:      minmay_arrival_plants_in_alcoves, layout_basic,
          hellmonk_ecumenical_altar_lost_god, minmay_tiny_reverse_x
D:2:      layout_loops_cross, serial_shops, nicolae_shop_statue_plus,
          minmay_surrounded
D:3:      cheibrodos_pilgrimage, layout_rooms
D:4:      layout_basic, mainiacjoe_overflow_alcove_1, uniq_edmund
D:5:      layout_basic, minmay_temple_entry_enclosed_plants,
          kennysheep_nondescript, uniq_sigmund, uniq_prince_ribbit1
D:6:      layout_loops_corners, ebering_ghost_sewer_d

Skill      XL: |  1  2  3  4  5  6  7  8  9 |
---------------+----------------------------+-----
Axes           | 3 4 6 7 8 9 |  9.0
Fighting       | 4 5 6 |  6.6
Shields        | 4 5 6 |  6.2
Armour         | 4 5 6 |  6.8
Invocations    | 2 4 |  4.5

Action                   |  1- 3 |  4- 6 |  7- 9 || total
-------------------------+-------+-------+-------++-------
Melee: War axe           |   123 |   112 |    56 ||   291
Throw: Stone             |    28 |    12 |       ||    40
Invok: Convert to Beogh  |       |     1 |       ||     1
  Use: Potion            |     3 |     4 |     4 ||    11
       Scroll            |     3 |       |     5 ||     8
Armor: Scale mail        |    22 |       |       ||    22
       Fire dragon scale |    29 |    52 |    22 ||   103
       Skin              |       |     6 |     4 ||    10
Dodge: Dodged            |    34 |    41 |    19 ||    94
Block: Buckler           |    75 |    59 |    26 ||   160
       Reflection        |     1 |     5 |       ||     6

Table legend: (Time is in decaauts)
 A = Elapsed time spent in this place.
 B = Non-inter-level travel time spent in this place.
 C = Inter-level travel time spent in this place.
 D = Time resting spent in this place.
 E = Time spent auto-exploring this place.
 F = Levels seen in this place.
 G = Mean time per level.
                   A        B        C        D        E       F      G
               +--------+--------+--------+--------+--------+-----+--------+
         Total |   4629 |   4509 |    120 |    364 |   3277 |   6 |  771.5 |
       Dungeon |   4629 |   4509 |    120 |    364 |   3277 |   6 |  771.5 |
               +--------+--------+--------+--------+--------+-----+--------+

Top non-repeatable levels by time:
     D:5: 1231 daAuts
     D:1: 1034 daAuts
     D:2: 889 daAuts
     D:4: 730 daAuts
     D:3: 657 daAuts
     D:6: 87 daAuts
